 Dungeon Crawl Stone Soup version 0.29.1-4-g47bece8355 (webtiles) character file.

Game seed: 10059034240410279681

70 sanboga the Shield-Bearer (level 4, -6/31 HPs)
             Began as an Octopode Fighter on Dec 2, 2022.
             Mangled by a gnoll
             ... wielding a +0 club
              (10 damage)
             ... on level 2 of the Dungeon.
             The game lasted 00:01:15 (1519 turns).

sanboga the Shield-Bearer (Octopode Fighter)        Turns: 1519, Time: 00:01:16

Health: -6/31      AC:  1    Str: 15    XL:     4   Next: 22%
Magic:  5/5        EV: 13    Int: 10    God:
Gold:   42         SH:  5    Dex: 13    Spells: 5/5 levels left

rFire   . . .      SeeInvis .   a - +0 rapier
rCold   . . .      Faith    .   b - +0 buckler
rNeg    . . .      Spirit   .   (helmet restricted)
rPois   .          Reflect  .   d - amulet of the acrobat
rElec   .          Harm     .   (no ring)
rCorr   .          Rampage  .   (no ring)
Will    .....                   (no ring)
Stlth   +++.......              (no ring)
HPRegen 0.10/turn               (no ring)
MPRegen 0.09/turn               (no ring)
                                (no ring)
                                (no ring)

@: no status effects
A: almost no armour, amphibious, 8 rings, camouflage 1, gelatinous body 1,
(nimble swimmer 1), tentacles
a: no special abilities


You were on level 2 of the Dungeon.
You visited 1 branch of the dungeon, and saw 2 of its levels.

You collected 42 gold pieces.

Inventory:

Hand Weapons
 a - a +0 rapier (weapon)
Armour
 b - a +0 buckler (worn)
Jewellery
 d - an amulet of the acrobat (around mantle)
Wands
 l - a wand of polymorph (8)
Scrolls
 f - 2 scrolls of teleportation {unknown}
 g - 2 scrolls of enchant weapon {unknown}
 h - a scroll of fog {unknown}
 i - a scroll of fear {unknown}
 j - a scroll of magic mapping {unknown}
 m - a scroll of identify {unknown}
Potions
 c - 2 potions of might
 e - a potion of cancellation {unknown}
 k - a potion of mutation {unknown}


   Skills:
 + Level 3.3 Fighting
 + Level 2.5 Short Blades
 + Level 3.2 Dodging
 + Level 1.5 Stealth
 + Level 3.3 Shields
 + Level 1.0 Unarmed Combat
 + Level 1.0 Spellcasting


You had 5 spell levels left.
You didn't know any spells.
Your spell library was empty.

Dungeon Overview and Level Annotations

Branches:
Dungeon (2/15)

Altars:


Innate Abilities, Weirdness & Mutations

You cannot wear most types of armour.
You are amphibious.
You can wear up to eight rings at the same time.
Your skin changes colour to match your surroundings (Stealth+).
Your rubbery body absorbs attacks. (AC +1, EV +1)
((You are camouflaged when in or above water. (Stealth+)))
You have tentacles for arms and can constrict up to eight enemies at once.


Message History

The adder poisons you!
There are monsters nearby!
You hit the adder. Your grab misses the adder.
The adder is lightly wounded.
You feel sick. The adder misses you.
You hit the adder. You grab the adder.
The adder is moderately wounded.
You constrict the adder.
You feel sick.
The adder hisses angrily.
The adder closely misses you. The adder bites you.
There are monsters nearby!
You hit the adder.
You kill the adder!
You feel sick.
A gnoll comes into view. It is wielding a +0 club.
Your Spellcasting skill increases to level 1!
You have reached level 4!
You feel sick.
The gnoll shouts!
A gnoll comes into view. It is wielding a +0 spear.
You see here an adder corpse.
You barely miss the adder.
The gnoll shouts!
Your grab misses the adder.
You feel sick.
You are no longer poisoned.
The adder bites you.
You closely miss the adder. Your grab misses the adder.
You block the adder's attack. x2
You barely miss the adder. You grab the adder. You squeeze the adder.
The adder is moderately wounded.
You constrict the adder. The adder completely misses you.
You hit the adder. You squeeze the adder.
You kill the adder!
The gnoll hits you from afar with a +0 spear.
The gnoll hits you with a +0 club!
* * * LOW HITPOINT WARNING * * *
Your Unarmed Combat skill increases to level 1!
You barely miss the gnoll. You grab the gnoll. You constrict the gnoll.
The gnoll hits you with a +0 club!
You die...

♣..###.#####.♣♣♣♣♣...###.
#......♣♣..♣♣♣......
#.####......♣.♣♣.... #.#
##♣♣♣.P.P♣♣.... #.#
♣P..P♣♣♣#.# #.# ♣.P..P♣
#.# #.# ♣♣♣PPP♣ ..#
#.#####.#.♣♣♣♣♣♣ #.#
#..@gg..... #.#
#####.#[#.. #


You could see 2 gnolls.

Vanquished Creatures
  Robin (D:2)
  2 adders (D:2)
  A dart slug (D:1)
  3 ball pythons (D:1)
  2 endoplasms (D:1)
  11 goblins
  3 hobgoblins
  4 kobolds (D:1)
  2 quokkas (D:1)
  5 bats (D:1)
  A frilled lizard (D:1)
  4 rats
39 creatures vanquished.

Vanquished Creatures (others)
  5 toadstools (D:2)
5 creatures vanquished.

Grand Total: 44 creatures vanquished

Notes
Turn   | Place    | Note
-------+----------+-------------------------------------------
     0 | D:1      | sanboga the Octopode Fighter began the quest for the Orb.
     0 | D:1      | Reached XP level 1. HP: 16/16 MP: 1/1
   195 | D:1      | Reached XP level 2. HP: 11/21 MP: 2/2
   503 | D:1      | Reached skill level 1 in Stealth
   725 | D:1      | Reached XP level 3. HP: 24/26 MP: 3/3
   754 | D:1      | Found a faded altar of an unknown god.
  1072 | D:2      | Noticed Robin
  1090 | D:2      | Killed Robin
  1514 | D:2      | Reached skill level 1 in Spellcasting
  1514 | D:2      | Reached XP level 4. HP: 22/31 MP: 5/5
  1519 | D:2      | Reached skill level 1 in Unarmed Combat
  1519 | D:2      | Mangled by a gnoll

Illustrated notes

Levels and vault maps discovered:
D:1:      dpeg_arrival_pits, layout_loops_ring,
          shapermc_ecumenical_altar_ellora, minmay_misc_feat_tower
D:2:      cheibrodos_fertilizer, layout_loops_ring, serial_forest,
          infiniplex_forest_straight_4, infiniplex_forest_end_3,
          infiniplex_forest_end_3, infiniplex_forest_lined_2,
          infiniplex_forest_clump_medium, infiniplex_forest_clump_small,
          hangedman_glass_teeth, uniq_robin, uniq_natasha

Skill      XL: |  1  2  3  4 |
---------------+-------------+-----
Stealth        | 1 |  1.5
Spellcasting   | 1 |  1.0
Unarmed Combat | 1 |  1.0
Fighting       | |  3.3
Short Blades   | |  2.5
Dodging        | |  3.2
Shields        | |  3.3

Action                   |  1- 3 |  4- 6 || total
-------------------------+-------+-------++-------
Melee: Rapier            |    58 |     5 ||    63
       Constrict         |    15 |     2 ||    17
       Tentacles         |     7 |     2 ||     9
 Stab: Sleeping          |    14 |       ||    14
Armor: Skin              |     3 |       ||     3
Dodge: Dodged            |    17 |     1 ||    18
Block: Buckler           |     4 |     2 ||     6
